 Dungeon Crawl Stone Soup version 0.20.0-8-g6b59dc7 (webtiles) character file.

31953 Monsterracer the Unseen (level 13, 0/63 HPs)
             Began as a Spriggan Enchanter on May 30, 2017.
             Was an Initiate of Gozag.
             Killed from afar by a catoblepas (3 damage)
             ... with a blast of calcifying dust
             ... on level 6 of the Lair of Beasts.
             The game lasted 01:16:38 (19985 turns).

Monsterracer the Unseen (Spriggan Enchanter)       Turns: 19985, Time: 01:16:38

Health: 0/63       AC:  7    Str:  4    XL:     13   Next: 28%
Magic:  26/26      EV: 37    Int: 20    God:    Gozag
Gold:   3016       SH:  0    Dex: 18    Spells: 2/29 levels left

rFire    . . .     SeeInvis +   a - +2 dagger
rCold    . . .     Gourm    .   (shield restricted)
rNeg     . . .     Faith    .   u - +0 troll leather armour
rPois    .         Spirit   .   (helmet restricted)
rElec    .         Reflect  .   o - +2 cloak
rCorr    .         Harm     .   (gloves unavailable)
MR       ++...                  (boots unavailable)
Stlth    ++++++....             (no amulet)
Regen    0.6/turn               t - ring of Phasing {EV+8}
MPRegen  0.2/turn               v - ring of wizardry

@: very quick
A: unfitting armour, hooves 1, horns 1, see invisible, herbivore 3, speed 3,
slow metabolism 2
a: Potion Petition, Call Merchant, Bribe Branch, Renounce Religion


You were on level 6 of the Lair of Beasts.
You worshipped Gozag.
Gozag was most pleased with you.
You were not hungry.

You visited 3 branches of the dungeon, and saw 16 of its levels.

You collected 3219 gold pieces.
You paid 203 gold pieces to Gozag.

Inventory:

Hand Weapons
 a - a +2 dagger (weapon)
Armour
 o - a +2 cloak (worn)
 u - a +0 troll leather armour (worn)
 w - the scarf of the Good {rF++}
   (You found it on level 7 of the Dungeon)

   It greatly protects you from fire.
 x - a +0 buckler
 C - a +2 robe of cold resistance
Jewellery
 b - an uncursed ring of protection from fire
 t - the ring of Phasing (left hand) {EV+8}
   (You found it on level 7 of the Dungeon)

   [ring of evasion]

   It affects your evasion (+8).
 v - a ring of wizardry (right hand)
Wands
 z - a wand of scattershot (5/9)
 A - a wand of digging (12/24)
Scrolls
 e - 3 scrolls of enchant armour
 f - 3 scrolls of fog
 g - 10 scrolls of teleportation
 h - 7 scrolls of identify
 j - 4 scrolls of recharging
 k - 3 scrolls of fear
 l - 2 scrolls of blinking
 q - a scroll of enchant weapon
 r - a scroll of magic mapping
 G - 2 scrolls of remove curse
Potions
 c - 3 potions of brilliance
 i - 4 potions of flight
 m - 8 potions of heal wounds
 p - 5 potions of haste
 s - 2 potions of might
 D - 2 potions of curing
 E - 4 potions of mutation
 F - a potion of resistance
 H - a potion of berserk rage
 I - a potion of agility
 J - a potion of magic
Books
 n - a book of Misfortune

   Spells                             Type                      Level
   a - Confusing Touch                Hexes                        1
   b - Confuse                        Hexes                        3
   c - Gell's Gravitas                Translocation                3
   d - Petrify                        Transmutation/Earth          4
   e - Metabolic Englaciation         Hexes/Ice                    5
   f - Yara's Violent Unravelling     Hexes/Transmutation          5
 y - a book of Air

   Spells                             Type                      Level
   a - Shock                          Conjuration/Air              1
   b - Swiftness                      Charms/Air                   2
   c - Static Discharge               Conjuration/Air              3
   d - Airstrike                      Air                          4
   e - Lightning Bolt                 Conjuration/Air              5
Comestibles
 d - 6 bread rations
 B - 15 fruits


   Skills:
 + Level 5.0 Fighting
 - Level 10.0 Short Blades
 - Level 15.0 Dodging
 + Level 16.5 Stealth
 + Level 8.5 Spellcasting
 * Level 13.4 Hexes


You had 2 spell levels left.
You knew the following spells:

 Your Spells              Type           Power        Failure   Level  Hunger
a - Corona                Hex            ######.      1%          1    None
b - Ensorcelled Hibernat  Hex/Ice        #####.       1%          2    None
c - Confuse               Hex            ######..     1%          3    None
d - Tukima's Dance        Hex            ######..     1%          3    None
e - Metabolic Englaciati  Hex/Ice        #####.....   11%         5    #####..
f - Yara's Violent Unrav  Hex/Tmut       #####.....   11%         5    #####..
g - Summon Butterflies    Summ           #.......     6%          1    None
h - Invisibility          Hex            ######..     3%          6    ######.
i - Apportation           Tloc           #.....       6%          1    None


Dungeon Overview and Level Annotations

Branches:
Dungeon (9/15)             Temple (1/1) D:7            Lair (6/6) D:9
  Swamp (0/4) Lair:4       Spider (0/4) Lair:2        Slime (0/5) Lair:6
    Orc: D:9-12

Altars:
Ashenzari
Cheibriados
Dithmenos
Elyvilon
Fedhas
Gozag
Hepliaklqana
Kikubaaqudgha
Makhleb
Nemelex Xobeh
Okawaru
Qazlal
Ru
Sif Muna
Trog
Uskayaw
Vehumet
Xom
Yredelemnul
Zin
The Shining One
Jiyva

Annotations:
Lair:6 1 runed door


Innate Abilities, Weirdness & Mutations

You are very small and have problems with some larger weapons.
You are too small for most types of armour.
You have supernaturally acute eyesight. (SInv)
You are a herbivore.
You cover ground extremely quickly.
You need consume almost no food.
You have large cloven feet.
You have a pair of small horns on your head.


Message History

The catoblepas gores you!!
* * * LOW HITPOINT WARNING * * *
The catoblepas gores you!
* * * LOW HITPOINT WARNING * * *
The catoblepas gores you!!
* * * LOW HITPOINT WARNING * * *
You turn to flesh and can move again.
Unknown command.
Unknown command.
The catoblepas breathes a plume of calcifying dust at you.
The blast of calcifying dust hits you!
* * * LOW HITPOINT WARNING * * *
The blast of calcifying dust hits the fungus.
The fungus is engulfed in calcifying dust.
The fungus is engulfed in calcifying dust.
The fungus turns to stone!
The catoblepas breathes a plume of calcifying dust at you.
The blast of calcifying dust hits you!
You die...
Your body crumbles into a pile of gold.

.#...#...#....## #...## ####
..#.#......#...## #...###..#
.#.#...#.)......## ##Y.....##
#.#...#.#........###§.....###
.#.#.#.#.#...#......§8......###
#...#.#......P....§§.....8....###
.#.#.............§§...8..........
#...#.#.#........§§........8.....
.......#........@P#.8.........#..
..#...#.........PP.........##...#
.................................
..P..............................
.P....#####....P#.#.####.........
##...#..###....P.#..#............
...............................≈≈
.........P.......................
###......P.##.....###..P.........


There were no monsters in sight!

Vanquished Creatures
  Nessos (Lair:6)
  Fannar (Lair:2)
  3 hydras
  An unseen horror (D:7)
  Pikel (D:3)
  An ugly thing (D:7)
  A deep elf mage (D:7)
  A manticore (Lair:6)
  Maurice (D:8)
  13 spiny frogs
  2 rime drakes
  5 komodo dragons
  3 trolls
  2 tyrant leeches (Lair:4)
  10 dream sheep
  5 blink frogs
  A slime creature (D:7)
  5 hippogriffs
  A tarantella (Lair:2)
  A wyvern (Lair:4)
  Eustachio (D:5)
  2 basilisks (Lair:3)
  A hungry ghost (D:7)
  42 yaks
  A steam dragon (D:7)
  A swamp worm (Lair:4)
  10 water moccasins
  11 porcupines
  2 ice beasts
  2 sky beasts (D:7)
  4 orc warriors
  3 phantoms
  A slave (D:3)
  2 black bears
  6 wolves (Lair:6)
  6 ogres
  5 centaurs
  13 crocodiles
  15 bullfrogs
  2 scorpions
  A howler monkey (D:4)
  A centaur zombie (D:7)
  5 crimson imps
  3 bullfrog zombies
  Crazy Yiuf (D:2)
  5 hounds
  7 orc priests
  A bullfrog skeleton (D:5)
  2 jellies (D:7)
  A centaur skeleton (D:8)
  An iguana (D:6)
  Terence (D:2)
  Natasha (thrice) (D:2)
  10 orc wizards
  Ijyb (D:5)
  5 hell rats
  7 worker ants
  A killer bee zombie (D:8)
  A hound skeleton (D:7)
  A worker ant zombie (D:7)
  Robin (D:4)
  3 gnolls (D:3)
  14 adders
  2 shadow imps
  2 oozes
  An adder skeleton (D:7)
  2 worms
  6 leopard geckos
  25 orcs
  A ball python (D:1)
  5 bats
  3 giant cockroaches
  23 goblins
  6 hobgoblins
  3 jackals (D:4)
  4 quokkas
  3 frilled lizards
  A jackal skeleton (D:9)
  6 kobolds
  8 rats
366 creatures vanquished.

Vanquished Creatures (collateral kills)
  An orc (D:5)
1 creature vanquished.

Vanquished Creatures (others)
  A dancing weapon (D:3)
  An orc (D:4)
  11 fungi
  4 plants
17 creatures vanquished.

Grand Total: 384 creatures vanquished

Notes
Turn   | Place    | Note
-------+----------+-------------------------------------------
     0 | D:1      | Monsterracer the Spriggan Enchanter began the quest for the Orb.
     0 | D:1      | Reached XP level 1. HP: 9/9 MP: 5/5
   387 | D:1      | Reached XP level 2. HP: 4/13 MP: 4/6
   610 | D:1      | Learned a level 2 spell: Ensorcelled Hibernation
   667 | D:1      | Reached skill level 5 in Stealth
  1674 | D:1      | Reached XP level 3. HP: 16/16 MP: 2/8
  1679 | D:1      | Learned a level 3 spell: Confuse
  1840 | D:2      | Noticed Terence
  1955 | D:2      | Killed Terence
  1955 | D:2      | Reached skill level 6 in Stealth
  2096 | D:2      | Reached XP level 4. HP: 21/21 MP: 7/9
  2429 | D:2      | Noticed Natasha
  2444 | D:2      | Killed Natasha
  2531 | D:2      | Found a runed door.
  2535 | D:2      | Noticed Crazy Yiuf
  2539 | D:2      | Killed Crazy Yiuf
  2539 | D:2      | Reached XP level 5. HP: 24/24 MP: 10/10
  2635 | D:2      | Noticed Natasha
  2742 | D:2      | Killed Natasha
  2742 | D:2      | Reached skill level 7 in Stealth
  2994 | D:3      | Learned a level 3 spell: Tukima's Dance
  3470 | D:3      | Found a sparkling altar of Nemelex Xobeh.
  3692 | D:3      | Reached XP level 6. HP: 28/28 MP: 11/11
  3771 | D:2      | Noticed Natasha
  3793 | D:2      | Killed Natasha
  3793 | D:2      | Reached skill level 5 in Short Blades
  3793 | D:2      | Reached skill level 8 in Stealth
  5003 | D:4      | Noticed Pikel
  5003 | D:4      | Noticed a slave
  5003 | D:4      | Noticed a slave
  5003 | D:4      | Noticed a slave
  5003 | D:4      | Noticed a slave
  5023 | D:3      | Killed a slave
  5166 | D:3      | Killed Pikel
  5166 | D:3      | Reached XP level 7. HP: 30/32 MP: 7/15
  5246 | D:4      | Noticed Robin
  5576 | D:4      | Killed Robin
  5854 | D:4      | Reached skill level 5 in Spellcasting
  5909 | D:3      | Learned a level 1 spell: Corona
  5917 | D:3      | Learned a level 5 spell: Metabolic Englaciation
  6208 | D:4      | Reached XP level 8. HP: 36/36 MP: 13/17
  6291 | D:4      | Gained mutation: You have a pair of small horns on your head. [potion of mutation]
  6291 | D:4      | Gained mutation: You have large cloven feet. [potion of mutation]
  6768 | D:5      | Entered Level 5 of the Dungeon
  6769 | D:5      | Noticed Ijyb
  6900 | D:5      | Killed Ijyb
  6961 | D:5      | Found a stormy altar of Qazlal.
  7342 | D:5      | Noticed Eustachio
  7439 | D:5      | Reached skill level 1 in Fighting
  7459 | D:5      | Reached skill level 5 in Dodging
  7536 | D:5      | Killed Eustachio
  7938 | D:6      | Reached XP level 9. HP: 43/43 MP: 19/19
  8474 | D:6      | Learned a level 5 spell: Yara's Violent Unravelling
  8775 | D:7      | Reached skill level 9 in Stealth
  9019 | D:7      | Reached skill level 10 in Stealth
  9044 | D:7      | Noticed a deep elf mage
  9044 | D:7      | Noticed an unseen horror
  9052 | D:7      | Killed an unseen horror
  9052 | D:7      | Reached skill level 11 in Stealth
  9065 | D:7      | Killed a deep elf mage
  9065 | D:7      | Reached XP level 10. HP: 49/49 MP: 13/20
  9077 | D:7      | Got a warped scarf
  9088 | D:7      | Identified the cursed scarf of the Good {rF++} (You found it on level 7 of the Dungeon)
  9149 | D:7      | Reached skill level 12 in Stealth
  9554 | D:7      | Noticed a white ugly thing
  9556 | D:7      | Found a radiant altar of Vehumet.
  9556 | D:7      | Found a shimmering altar of Xom.
  9557 | D:7      | Found a transporter.
  9566 | D:7      | Found an ancient bone altar of Kikubaaqudgha.
  9581 | D:7      | Found a transporter.
  9626 | D:7      | Killed a white ugly thing
 10051 | D:7      | Found a staircase to the Ecumenical Temple.
 10057 | D:7      | Found a stormy altar of Qazlal.
 10060 | Temple   | Entered the Ecumenical Temple
 10181 | Temple   | Became a worshipper of Gozag Ym Sagoz the Greedy
 10435 | D:8      | Noticed Maurice
 10442 | D:8      | Killed Maurice
 10835 | D:8      | Reached skill level 10 in Hexes
 10853 | D:8      | Reached skill level 10 in Short Blades
 11404 | D:8      | Found a hazy altar of Hepliaklqana.
 11981 | D:9      | Found a sparkling altar of Nemelex Xobeh.
 12175 | D:9      | Reached skill level 10 in Dodging
 12175 | D:9      | Reached XP level 11. HP: 52/52 MP: 21/21
 12438 | D:9      | Found a staircase to the Lair.
 12587 | Lair:1   | Entered Level 1 of the Lair of Beasts
 12911 | Lair:1   | Reached skill level 13 in Stealth
 13251 | Lair:1   | Learned a level 1 spell: Summon Butterflies
 13542 | Lair:2   | Noticed Fannar
 14575 | Lair:2   | Found a hole to the Spider Nest.
 14740 | Lair:2   | Killed Fannar
 15054 | Lair:3   | Reached skill level 14 in Stealth
 15415 | Lair:3   | Noticed a four-headed hydra
 15450 | Lair:3   | Killed a four-headed hydra
 15685 | Lair:3   | Noticed an eight-headed hydra
 15838 | Lair:2   | Killed an eight-headed hydra
 15838 | Lair:2   | Reached XP level 12. HP: 41/56 MP: 11/22
 16507 | Lair:3   | Reached skill level 15 in Dodging
 16507 | Lair:3   | Reached skill level 15 in Stealth
 17038 | Lair:4   | Found a radiant altar of Vehumet.
 17600 | Lair:4   | Found a staircase to the Swamp.
 18406 | Lair:6   | Entered Level 6 of the Lair of Beasts
 18502 | Lair:6   | Noticed Nessos
 18513 | Lair:6   | Killed Nessos
 18663 | Lair:5   | Learned a level 6 spell: Invisibility
 18689 | Lair:5   | Reached skill level 16 in Stealth
 19053 | Lair:6   | Reached XP level 13. HP: 63/63 MP: 20/25
 19108 | Lair:6   | Learned a level 1 spell: Apportation
 19594 | Lair:6   | Reached skill level 5 in Fighting
 19671 | Lair:6   | Found a runed door.
 19698 | Lair:6   | Found a viscous altar of Jiyva.
 19698 | Lair:6   | Found a staircase to the Slime Pits.
 19978 | Lair:6   | HP: 3/63 [catoblepas (11)]
 19983 | Lair:6   | HP: 2/63 [catoblepas/blast of calcifying dust (3)]
 19985 | Lair:6   | Killed from afar by a catoblepas

Skill      XL: |  1  2  3  4  5  6  7  8  9 10 11 12 13 |
---------------+----------------------------------------+-----
Stealth        | 5 6 7 8 11 12 14 16 | 16.5
Short Blades   | 2 3 4 5 8 10 | 10.0
Hexes          | 6 7 8 10 12 13 | 13.4
Spellcasting   | 4 5 6 7 8 |  8.5
Fighting       | 2 3 4 5 |  5.0
Dodging        | 7 8 10 14 15 | 15.0

Action                   |  1- 3 |  4- 6 |  7- 9 | 10-12 | 13-15 || total
-------------------------+-------+-------+-------+-------+-------++-------
Melee: Dagger            |    95 |   298 |   592 |   630 |   103 ||  1718
       Headbutt          |       |       |    75 |    78 |    12 ||   165
       Kick              |       |       |    88 |   110 |    16 ||   214
 Cast: Corona            |    11 |    14 |    26 |     5 |     3 ||    59
       Ensorcelled Hiber |    12 |    30 |    51 |   239 |    31 ||   363
       Confuse           |     2 |     4 |    17 |    23 |     2 ||    48
       Tukima's Dance    |       |     2 |     3 |       |       ||     5
       Metabolic Englaci |       |       |       |     1 |       ||     1
       Invisibility      |       |       |       |       |     1 ||     1
  Use: Potion            |     3 |     2 |     6 |     3 |     1 ||    15
       Scroll            |       |       |    10 |     7 |       ||    17
 Stab: Sleeping          |    10 |    20 |    43 |   147 |    17 ||   237
       Confused          |       |     3 |    10 |    15 |     4 ||    32
       Distracted        |       |       |       |     1 |     2 ||     3
       Invisible         |       |       |       |     1 |     7 ||     8
  Eat: Royal jelly       |       |     3 |       |     4 |     1 ||     8
       Fruit             |       |       |     3 |       |       ||     3
       Bread ration      |       |       |     1 |       |       ||     1
Armor: Robe              |     6 |    27 |    75 |     3 |       ||   111
       Troll leather arm |       |       |       |    20 |     9 ||    29
Dodge: Dodged            |    79 |   173 |   378 |   534 |    99 ||  1263
